 Dungeon Crawl Stone Soup version 0.20.0-15-g7f486f2 (webtiles) character file.

836 vishdafish the Shield-Bearer (level 7, -1/44 HPs)
             Began as a Gargoyle Fighter on June 23, 2017.
             Slain by an iguana (9 damage)
             ... on level 6 of the Dungeon.
             The game lasted 00:10:30 (3640 turns).

vishdafish the Shield-Bearer (Gargoyle Fighter)     Turns: 3640, Time: 00:10:30

Health: -1/44      AC:  0    Str: 20    XL:     7   Next: 99%
Magic:  7/7        EV:  8    Int:  9    God:    Xom [.....*]
Gold:   200        SH: 10    Dex: 10    Spells: 6/6 levels left

rFire    . . .     SeeInvis .   t - +1 mace (protect)
rCold    . . .     Gourm    .   c - +0 shield
rNeg     + . .     Faith    .   b - +0 scale mail
rPois    ∞         Spirit   .   (no helmet)
rElec    +         Reflect  .   (no cloak)
rCorr    .         Harm     .   A - +0 pair of gloves
MR       .....                  (no boots)
Stlth    ..........             (no amulet)
Regen    0.2/turn               (no ring)
MPRegen  0.1/turn               (no ring)

@: corroded, protection aura, flying, drained
A: negative energy resistance 1, electricity resistance, unbreathing,
petrification resistance, rot immunity, AC +4
a: Renounce Religion


You were on level 6 of the Dungeon.
You worshipped Xom.
You were Xom's teddy bear.
You were not hungry.

You visited 1 branch of the dungeon, and saw 6 of its levels.

You collected 200 gold pieces.

Inventory:

Hand Weapons
 a - a +0 flail
 t - a +1 mace of protection (weapon)
Armour
 b - a +0 scale mail (worn)
 c - a +0 shield (worn)
 A - a +0 pair of gloves (worn)
Jewellery
 y - an uncursed amulet of harm
 E - an uncursed ring of protection from fire {unknown}
Wands
 s - a wand of flame (9/48)
 C - a wand of enslavement (7/24)
 F - a wand of paralysis (15/24)
Scrolls
 i - 5 scrolls of remove curse
 j - a scroll of immolation {unknown}
 m - 6 scrolls of teleportation
 o - 3 scrolls of enchant weapon {unknown}
 p - a scroll of amnesia {unknown}
 u - a scroll of recharging {unknown}
 w - a scroll of noise {unknown}
 G - a scroll of identify
Potions
 d - a potion of might
 e - a potion of brilliance
 h - a potion of ambrosia {unknown}
 l - 3 potions of mutation
 n - a potion of lignification {unknown}
 r - 2 potions of flight
 v - a potion of haste {unknown}
 z - a potion of resistance {unknown}
 B - a potion of agility
 D - a potion of degeneration {unknown}
Comestibles
 f - 2 bread rations
 g - 2 royal jellies
 q - 2 meat rations
 x - 4 fruits


   Skills:
 + Level 4.4(4.2) Fighting
 + Level 5.5(5.2) Maces & Flails
 + Level 5.2(4.9) Armour
 + Level 2.0(1.8) Dodging
 + Level 5.5(5.2) Shields
 + Level 0.8(0.6) Evocations


You had 6 spell levels left.
You didn't know any spells.

Dungeon Overview and Level Annotations

Branches:
Dungeon (6/15)             Temple (0/1) D:6

Altars:
Ashenzari
Hepliaklqana
Xom


Innate Abilities, Weirdness & Mutations

You are resistant to torment.
Your stone body is resilient. (AC +4)
You are immune to poison.
You resist negative energy. (rN+)
You are resistant to electric shocks. (rElec)
You can survive without breathing.
You are immune to petrification.
You are immune to rotting.


Message History

You block the iguana's attack.
You closely miss the iguana.
The iguana is heavily wounded.
You block the iguana's attack.
You hit the iguana but do no damage.
The iguana is heavily wounded.
The iguana closely misses you.
You hit the iguana.
The iguana is severely wounded.
The iguana bites you.
* * * LOW HITPOINT WARNING * * *
You block the iguana's attack.
You hit the iguana.
The iguana is almost dead.
The iguana closely misses you.
You hit the iguana but do no damage.
The iguana is almost dead.
The iguana bites you!
You die... "This toy is broken."

.. ..##
#########.#....
#.........#...
#............
#........##.# #
##........+..# ..
#.........#..##.#
#@l...........#.#
#.####..#.#...#.#
#.# #....#..l.(# ...
...####..[PP#
.#.###.......P...##
#.#.#........#P.....
. #.#...#.....P.....
..
#.....#.####.#....
## ...#.#....#....


You could see an iguana.

Vanquished Creatures
  Menkaure (D:4)
  A necrophage (D:5)
  A centaur (D:5)
  2 scorpions (D:6)
  A water moccasin skeleton (D:4)
  2 electric eels (D:4)
  A howler monkey (D:5)
  A crimson imp (D:5)
  2 orc wizards (D:5)
  An iguana (D:4)
  2 worker ants (D:4)
  2 adders
  A shadow imp (D:6)
  2 worms (D:2)
  An adder skeleton (D:6)
  A dart slug (D:3)
  6 leopard geckos
  11 orcs
  3 giant cockroaches
  7 hobgoblins
  6 jackals
  4 quokkas
  8 bats
  2 frilled lizards
  5 goblins
  4 kobolds
  4 rats
82 creatures vanquished.

Vanquished Creatures (collateral kills)
  A worker ant zombie (D:5)
  An orc (D:5)
2 creatures vanquished.

Vanquished Creatures (others)
  A jelly (D:6)
1 creature vanquished.

Grand Total: 85 creatures vanquished

Notes
Turn   | Place    | Note
-------+----------+-------------------------------------------
     0 | D:1      | vishdafish the Gargoyle Fighter began the quest for the Orb.
     0 | D:1      | Reached XP level 1. HP: 14/14 MP: 1/1
   138 | D:1      | Reached XP level 2. HP: 19/19 MP: 2/2
   714 | D:1      | Reached XP level 3. HP: 23/23 MP: 3/3
   972 | D:2      | HP: 1/23 [adder (2)]
  1487 | D:3      | Reached XP level 4. HP: 27/28 MP: 4/4
  1523 | D:3      | Found a shimmering altar of Xom.
  1637 | D:3      | Found a shattered altar of Ashenzari.
  1694 | D:3      | Became a worshipper of Xom the Fickle
  2112 | D:4      | Found a transporter.
  2130 | D:4      | Reached XP level 5. HP: 25/33 MP: 5/5
  2144 | D:4      | Found a transporter.
  2221 | D:4      | Noticed Menkaure
  2236 | D:4      | Killed Menkaure
  2236 | D:4      | Reached skill level 1 in Dodging
  2236 | D:4      | Reached XP level 6. HP: 15/38 MP: 6/6
  2274 | D:4      | XOM: divination: detect items
  2451 | D:4      | XOM: harmless Summ miscast
  2533 | D:4      | XOM: god gift: falchion {god gift}
  2614 | D:4      | XOM: silly message
  2641 | D:4      | XOM: potion effect (haste)
  2652 | D:4      | Reached skill level 5 in Shields
  2723 | D:5      | Entered Level 5 of the Dungeon
  2829 | D:5      | Reached XP level 7. HP: 39/43 MP: 7/7
  2932 | D:5      | XOM: enchant monster (good)
  2998 | D:5      | XOM: confuse monster(s)
  3021 | D:5      | XOM: divination: detect items
  3058 | D:5      | XOM: harmless Hex miscast
  3187 | D:5      | XOM: 2-stop teleportation journey
  3243 | D:5      | Reached skill level 5 in Maces & Flails
  3243 | D:5      | Reached skill level 5 in Armour
  3300 | D:5      | XOM: summons friendly iron imp
  3351 | D:5      | XOM: 3-stop teleportation journey
  3429 | D:5      | Found a hazy altar of Hepliaklqana.
  3493 | D:6      | Found a staircase to the Ecumenical Temple.
  3501 | D:6      | XOM: cloud trail
  3607 | D:6      | HP: 1/44 [acid (10)]
  3609 | D:6      | XOM: divine lightning
  3640 | D:6      | Slain by an iguana

Skill      XL: |  1  2  3  4  5  6  7 |
---------------+----------------------+-----
Armour         | 4 5 |  5.2
Shields        | 4 5 |  5.5
Maces & Flails | 3 4 5 |  5.5
Dodging        | 1 2 |  2.0
Fighting       | 4 |  4.4
Evocations     | |  0.8

Action                   |  1- 3 |  4- 6 |  7- 9 || total
-------------------------+-------+-------+-------++-------
Melee: Flail             |   137 |    45 |       ||   182
       Mace              |       |    82 |   185 ||   267
Evoke: Wand              |       |     3 |     3 ||     6
  Use: Scroll            |       |     2 |     6 ||     8
       Potion            |       |       |     5 ||     5
  Eat: Bread ration      |     1 |     1 |       ||     2
       Chunk             |     1 |       |       ||     1
Armor: Scale mail        |    64 |    69 |    87 ||   220
Dodge: Dodged            |    38 |    43 |    50 ||   131
Block: Shield            |    80 |    83 |    96 ||   259
